 Dungeon Crawl Stone Soup version 0.30-a0-125-g51eefa89be (webtiles) character file.

Game seed: 7932376595087226451

96 juncz the Magician (level 4, -2/31 HPs)
             Began as a Djinni Conjurer on Sept 18, 2022.
             Slain by a scorpion (6 damage)
             ... on level 5 of the Dungeon.
             The game lasted 00:06:31 (4247 turns).

juncz the Magician (Djinni Conjurer)                Turns: 4247, Time: 00:06:32

Health: -2/31      AC:  3    Str:  6    XL:     4   Next: 98%
Gold:   164        EV: 12    Int: 22    God:
                   SH:  5    Dex: 11

rFire   + + .      SeeInvis .    d - +0 dagger
rCold   . . .      Faith    .    (no shield)
rNeg    . . .      Spirit   .    a - +0 robe
rPois   ∞          Reflect  +    (no helmet)
rElec   .          Harm     .    (no cloak)
rCorr   .          Rampage  .    q - +0 pair of gloves
Will    .....                    (boots unavailable)
Stlth   ++........               c - amulet of reflection
HPRegen 0.10/turn                e - ring of protection from cold
MPRegen 0.00/turn                (no ring)

@: flying
A: sickness immunity, fire resistance 2, cold vulnerability 1, float, innate
caster, HP casting, extra vitality 1
a: no special abilities


You were on level 5 of the Dungeon.
You visited 1 branch of the dungeon, and saw 6 of its levels.

You collected 164 gold pieces.

Inventory:

Hand Weapons
 d - a +0 dagger (weapon)
Missiles
 f - 14 stones (quivered)
Armour
 a - a +0 robe (worn)
 q - a +0 pair of gloves (worn)
Jewellery
 c - an amulet of reflection (around neck)
 e - a ring of protection from cold (left hand)
Scrolls
 j - 2 scrolls of enchant armour {unknown}
 l - 2 scrolls of fear {unknown}
 n - 2 scrolls of enchant weapon {unknown}
Potions
 b - 2 potions of cancellation {unknown}
 h - a potion of brilliance {unknown}
 i - a potion of curing {unknown}
 k - a potion of berserk rage {unknown}
 m - 2 potions of might {unknown}
 o - 3 potions of lignification {unknown}
 p - a potion of heal wounds {unknown}
 r - 2 potions of invisibility {unknown}


   Skills:
 + Level 3.4 Dodging
 + Level 2.7 Stealth
 + Level 3.7 Spellcasting


You couldn't memorise any spells.
You knew the following spells:

 Your Spells              Type           Power      Damage    Failure   Level
a - Magic Dart            Conj           80%        1d7       2%          1
b - Searing Ray           Conj           40%        2d5       3%          2
c - Dazzling Flash        Conj/Hex       40%        N/A       8%          3
d - Fulminant Prism       Conj/Hex       10%        3d9       24%         4
e - Iskenderun's Mystic   Conj/Tloc      20%        2d6       24%         4
f - Sting                 Tmut/Pois      80%        1d7       2%          1
Your spell library was empty.

Dungeon Overview and Level Annotations

Branches:
Dungeon (6/15)
 Temple: D:4-7

Altars:
Ashenzari

Shops:
D:3 (   D:5 [


Innate Abilities, Weirdness & Mutations

You are immune to sickness and miasma.
You are immune to poison.
Your flesh is very heat resistant. (rF++)
You are vulnerable to cold. (rC-)
You float through the air rather than walking.
You learn spells naturally, not from books.
Your magical power is your life essence.
You have superior vitality. (+4 MHP)


Message History

You block the phantom's attack.
You barely miss the phantom.
The phantom is moderately damaged.
The phantom hits you.
The phantom blinks!
You blink.
You hit the phantom.
The phantom is moderately damaged.
The phantom closely misses you.
Casting: Searing Ray (safe; 3% risk of failure)
Confirm with . or Enter, or press ? or * to list all spells.
You erupt in a blast of force!
The mystic blast hits the phantom!
The phantom is severely damaged.
The phantom is knocked back by the mystic blast.
* * * LOW HITPOINT WARNING * * *
There is an open door here.
There is an entrance to Isemic's Armour Shop here.
Unknown command.
Unknown command.
You reach down and close the door.
A phantom opens the door.
You reach down and close the door.
A phantom opens the door.
You reach down and close the door.
A phantom opens the door.
You reach down and close the door.
A phantom breaks down the door.
It's broken and can't be closed.
Casting: Iskenderun's Mystic Blast (extremely dangerous; 24% risk of failure)
Confirm with . or Enter, or press ? or * to list all spells.
You erupt in a blast of force!
The mystic blast hits the phantom.
The phantom is severely damaged.
The phantom is knocked back by the mystic blast.
* * * LOW HITPOINT WARNING * * *
You aren't carrying any items that you can evoke.
As you read the scroll of teleportation, it crumbles to dust.
You feel strangely unstable.
You barely miss the phantom.
The phantom is severely damaged.
Your surroundings suddenly seem different.
A scorpion comes into view.
Found 6 gold pieces.
The scorpion stings you.
* * * LOW HITPOINT WARNING * * *
Found a stone staircase leading down and a stone staircase leading up.
The scorpion stings you.
You die...

####..)...
..########
..........
.........#
##......
.........#
#.......
.........#
#.......
.........#
#......:
.........#
#.......
.......s.#
#...######
........@#
#...##
.....###..#
#.# #.###
##..# #
#... #..>
#...< .$..
...


You could see a scorpion.

Vanquished Creatures
  An adder (D:3)
  3 gnolls (D:2)
  A dart slug (D:1)
  6 orcs (D:3)
  6 endoplasms
  2 giant cockroaches (D:3)
  4 goblins
  6 hobgoblins
  3 jackals (D:1)
  4 kobolds
  A quokka (D:3)
  5 ball pythons
  3 bats
  A rat (D:1)
46 creatures vanquished.

Notes
Turn   | Place    | Note
-------+----------+-------------------------------------------
     0 | D:1      | juncz the Djinni Conjurer began the quest for the Orb.
     0 | D:1      | juncz set off with the following spells memorised: Magic
                  | Dart, Searing Ray, Dazzling Flash, Fulminant Prism,
                  | Iskenderun's Mystic Blast.
     0 | D:1      | Reached XP level 1. HP: 15/15 MP: 0/0
   120 | D:1      | Found a faded altar of an unknown god.
   322 | D:1      | Reached XP level 2. HP: 19/21 MP: 0/0
   997 | D:1      | Reached XP level 3. HP: 22/25 MP: 0/0
   997 | D:1      | Learned a level 1 spell: Sting
  1798 | D:2      | Reached XP level 4. HP: 1/31 MP: 0/0
  2871 | D:3      | Found a broken altar of Ashenzari.
  3623 | D:3      | Found Vilis's Antique Weapon Boutique.
  4181 | D:4      | You are sucked into a shaft and drop 2 floors!
  4191 | D:5      | Entered Level 5 of the Dungeon
  4200 | D:5      | Noticed a phantom
  4215 | D:5      | Found Isemic's Armour Shop.
  4241 | D:5      | Noticed a scorpion
  4247 | D:5      | Slain by a scorpion

Illustrated notes

Levels and vault maps discovered:
D:1:      psy_arrival_radial02, layout_loops_ring, basic_ecumenical_altar
D:2:      layout_loops_cross
D:3:      layout_basic, old_standard_altar, serial_shops,
          nicolae_lakefront_shop, minivault_26
D:4:      layout_basic, grunt_dithmenos_smoke, uniq_grinder, uniq_natasha
D:5:      layout_basic, grunt_temple_overflow_cloverleaf, serial_shops,
          kennysheep_mini_moat
D:6:      nicolae_BIG_FREAKIN_CUBE, layout_loops_cross, minmay_diced_spiral

Skill      XL: |  1  2  3 |
---------------+----------+-----
Stealth        | 2 |  2.7
Dodging        | 3 |  3.4
Spellcasting   | |  3.7

Action                   |  1- 3 |  4- 6 || total
-------------------------+-------+-------++-------
Melee: Dagger            |     2 |    13 ||    15
 Cast: Magic Dart        |    63 |    57 ||   120
       Iskenderun's Myst |       |     2 ||     2
       Searing Ray       |       |     1 ||     1
  Use: Scroll            |     1 |     1 ||     2
Armor: Robe              |       |     2 ||     2
Dodge: Dodged            |     6 |    18 ||    24
Block: Other             |     1 |    10 ||    11

Table legend: (Time is in decaauts)
 A = Elapsed time spent in this place.
 B = Non-inter-level travel time spent in this place.
 C = Inter-level travel time spent in this place.
 D = Time resting spent in this place.
 E = Time spent auto-exploring this place.
 F = Levels seen in this place.
 G = Mean time per level.
                   A        B        C        D        E       F      G
               +--------+--------+--------+--------+--------+-----+--------+
         Total |   4244 |   4154 |     90 |   1349 |   2494 |   6 |  707.3 |
       Dungeon |   4244 |   4154 |     90 |   1349 |   2494 |   6 |  707.3 |
               +--------+--------+--------+--------+--------+-----+--------+

Top non-repeatable levels by time:
     D:3: 1680 daAuts
     D:1: 1468 daAuts
     D:2: 999 daAuts
     D:5: 55 daAuts
     D:4: 30 daAuts
     D:6: 9 daAuts
